 Dungeon Crawl Stone Soup version bcrawl-1.40.3b (webtiles) character file.

Game seed: 1191068927740909843

276393 Returnofthet the Covert (level 8, -1/46 HPs)
             Began as a Twilight Stalker Archaeologist on Feb 12, 2024.
             Was an Initiate of Wu Jian.
             Slain by a hellwing (10 damage)
             ... created by the fury of Makhleb
             ... in a sewer.
             The game lasted 00:06:28 (4365 turns).

Returnofthet the Covert (VSAc)                      Turns: 4365, Time: 00:06:28

Health: -1/46      AC: 16    Str: 16    XL:     8   Next: 65%
Magic:  9/9        EV: 15    Int: 14    God:    Wu Jian [......]
Gold:   386        SH:  0    Dex: 13    Spells: 7/7 levels left

rFire    . . .     GDR:     25% h - +4 lajatang (protect)
rCold    . . .     SeeInvis .   (shield currently unavailable)
rNeg     + . .     Gourm    .   c - +1 robe
rPois    +         Faith    .   H - +2 helmet
rElec    .         Spirit   .   w - +0 cloak
rCorr    .         Reflect  .   (no gloves)
MR       .....                  l - +1 pair of boots
Stlth    +++++.....             J - amulet of magic regeneration
HPRegen  0.57/turn              a - ring of poison resistance (curse)
MPRegen  0.29/turn              d - ring of positive energy

@: protection aura
A: fangs 3, nightstalker 1, regeneration 1, no potion heal 3, rot immunity,
draining bite, strong jaws, assimilated armour
a: Renounce Religion


You were in a sewer.
You worshipped Wu Jian.
Wu Jian was noncommittal.
You were very hungry.

You visited 2 branches of the dungeon, and saw 7 of its levels.
You also visited: Sewer.

You collected 386 gold pieces.

Inventory:

Hand Weapons
 b - a +0 blowgun
 h - a +4 lajatang of protection (weapon)
Missiles
 f - 6 curare-tipped needles
 E - 2 throwing nets {=f}
 G - 32 poisoned needles
Armour
 c - a +1 robe (worn)
 l - a +1 pair of boots (worn)
 w - a +0 cloak (worn)
 H - a +2 helmet (worn)
Jewellery
 a - a cursed ring of poison resistance (left hand)
 d - a ring of positive energy (right hand)
 A - an uncursed amulet of rage
 I - an uncursed ring of fire
 J - an amulet of magic regeneration (around neck)
Wands
 y - a wand of random effects (6)
 C - a wand of flame (11)
 F - a wand of disintegration (6)
Scrolls
 g - 4 scrolls of revelation
 i - 8 scrolls of identify
 j - 3 scrolls of fear {unknown}
 o - 3 scrolls of teleportation {unknown}
 q - a scroll of enchant armour {unknown}
 r - 2 scrolls of enchant weapon {unknown}
 t - 3 scrolls of remove curse {unknown}
 u - a scroll of fog {unknown}
 x - a scroll of blinking {unknown}
Potions
 k - 2 potions of cancellation {unknown}
 m - a potion of invisibility {unknown}
 n - a potion of heal wounds {unknown}
 p - 2 potions of degeneration {unknown}
 s - a potion of ambrosia {unknown}
 v - 2 potions of curing {unknown}
 z - 2 potions of haste {unknown}
 B - 2 potions of mutation {unknown}
 D - a potion of magic {unknown}
Comestibles
 e - 7 rations {!d}
 K - 2 chunks of flesh


   Skills:
 + Level 3.1 Fighting
   Level 0.8 Short Blades
   Level 2.1(4.3) Maces & Flails
 + Level 5.9(6.1) Staves
 + Level 5.9 Dodging
 + Level 8.0 Stealth


You had 7 spell levels left.
You didn't know any spells.
Your spell library contained the following spells:

 Spells                   Type           Power        Failure   Level  Hunger
 Sandblast                Erth           #.....       28%         1    None
 Summon Small Mammal      Summ           #...         28%         1    None
 Call Imp                 Summ           #.....       41%         2    ####...
 Passwall                 Tmut/Erth      #.......     41%         2    ####...
 Call Canine Familiar     Summ           #.......     65%         3    #####..
 Stone Arrow              Conj/Erth      #.....       65%         3    #####..
 Petrify                  Tmut/Erth      #.........   96%         4    ######.
 Summon Ice Beast         Ice/Summ       #.......     96%         4    ######.
 Lee's Rapid Deconstruct  Erth           #.........   100%        5    #######
 Summon Lightning Spire   Summ/Air       #.......     100%        5    #######


Dungeon Overview and Level Annotations

Branches:
Dungeon (6/12)             Temple (1/1) D:4

Altars:
Ashenzari
Cheibriados
Dithmenos
Elyvilon
Fedhas
Gozag
Kikubaaqudgha
Lugonu
Makhleb
Okawaru
Sif Muna
Trog
Vehumet
Wu Jian
Xom

Shops:
D:4 (

Annotations:
Sewer Purgy


Innate Abilities, Weirdness & Mutations

You have razor-sharp teeth.
You are slightly more attuned to the shadows.
Your natural rate of healing is unusually fast.
Potions cannot restore your health.
You are immune to rotting.
Your bite drains your enemy's life force.
Your bites deal extra damage.
Your stealth is less affected by armour.


Message History

The ball python constricts you. The hellwing misses you. The hellwing hits you.
* * * LOW HITPOINT WARNING * * *
The hellwing blinks!
Purgy closely misses you. Purgy claws you but does no damage. x2
The frilled lizard bites you but does no damage.
You escape the ball python's grasp.
You spin and attack the frilled lizard.
You slash the frilled lizard!
You kill the frilled lizard!
The Council accepts your kill. The ball python misses you.
The ball python grabs you. The ball python constricts you.
The ball python's grasp on you weakens, but your attempt to escape fails.
The ball python bites you.
* * * LOW HITPOINT WARNING * * *
The ball python constricts you.
You escape the ball python's grasp.
You spin and attack the hellwing.
You closely miss the hellwing.
You bite the hellwing, but do no damage.
The hellwing misses you. The hellwing hits you!
You die...

≈≈≈≈≈≈≈≈≈# ≈≈≈≈≈≈≈≈≈
≈≈≈≈≈≈≈≈# ≈≈≈≈≈≈≈.
≈≈≈≈≈≈.# ≈≈≈≈≈l≈#
≈≈≈≈≈TS# ≈≈≈≈≈4.#
≈≈≈≈≈.@# ≈≈≈≈≈..##
≈≈≈≈≈≈..# ≈≈≈≈≈≈≈###
≈≈≈≈≈≈≈≈≈# ##
≈≈≈≈≈≈≈≈≈# ###.##
≈≈≈≈≈≈≈≈≈### #.∩∩.#
≈≈≈≈≈≈≈≈≈≈.####≈≈≈.#≈
≈≈≈≈≈≈≈≈≈≈.##≈.≈≈≈≈≈≈≈


You could see a hellwing, Purgy, a ball python and a frilled lizard.

Vanquished Creatures
  A harpy skeleton (D:6)
  An orc warrior (D:5)
  2 ogres
  A centaur (D:5)
  3 scorpions (D:4)
  4 orc priests
  A bullfrog zombie (D:5)
  2 crimson imps
  2 hounds (D:4)
  2 jellies
  A bullfrog skeleton (D:4)
  2 iguanas
  4 worker ants
  5 adders
  5 worms
  2 dart slugs
  7 leopard geckos
  5 orcs
  4 bats
  4 giant cockroaches
  9 goblins
  9 hobgoblins
  8 jackals
  11 kobolds
  7 quokkas
  A ball python (D:1)
  9 frilled lizards
  7 rats
119 creatures vanquished.

Notes
Turn   | Place    | Note
-------+----------+-------------------------------------------
     0 | D:1      | Returnofthet the Vine Stalker Archaeologist began the quest
                  | for the Orb.
     0 | D:1      | Reached XP level 1. HP: 11/11 MP: 2/2
   156 | D:1      | Reached XP level 2. HP: 15/16 MP: 3/3
   158 | D:1      | Reached skill level 1 in Maces & Flails
   284 | D:1      | Reached skill level 5 in Stealth
   351 | D:1      | Reached skill level 1 in Fighting
   398 | D:1      | Reached XP level 3. HP: 20/20 MP: 4/4
  1160 | D:2      | Reached XP level 4. HP: 25/25 MP: 5/5
  1209 | D:2      | Found an iron altar of Okawaru.
  1914 | D:3      | Found a shimmering altar of Xom.
  2245 | D:3      | Found a burning altar of Makhleb.
  2246 | D:3      | Found a radiant altar of Vehumet.
  2256 | D:3      | Reached skill level 6 in Stealth
  2256 | D:3      | Reached XP level 5. HP: 16/29 MP: 6/6
  2256 | D:3      | Identified a scroll of acquirement
  2358 | D:4      | Found Ziggop's Antique Weapon Shop.
  2434 | D:4      | Reached skill level 1 in Staves
  2434 | D:4      | Gained mutation: You have razor-sharp teeth. [Vine Stalker
                  | growth]
  2434 | D:4      | Reached XP level 6. HP: 28/35 MP: 7/7
  2537 | D:4      | Found a staircase to the Ecumenical Temple.
  2540 | D:4      | Reached skill level 5 in Dodging
  2566 | Temple   | Entered the Ecumenical Temple
  2666 | D:3      | Became a worshipper of Makhleb the Destroyer
  2750 | D:4      | Reached XP level 7. HP: 13/40 MP: 8/8
  2763 | D:4      | Reached skill level 7 in Stealth
  2835 | D:4      | Found a bloodstained altar of Trog.
  3222 | D:5      | Entered Level 5 of the Dungeon
  3355 | D:5      | Reached * piety under Makhleb
  3382 | D:5      | Gained mutation: Your bite drains your enemy's life force.
                  | [Twilight Stalker growth]
  3382 | D:5      | Gained mutation: Your stealth is less affected by armour.
                  | [Twilight Stalker growth]
  3382 | D:5      | Gained mutation: You are slightly more attuned to the
                  | shadows. [Twilight Stalker growth]
  3382 | D:5      | Reached XP level 8. HP: 40/45 MP: 8/9
  3604 | D:5      | Reached skill level 5 in Staves
  3924 | D:5      | Found an ornate altar of the Wu Jian Council.
  3954 | D:5      | Fell from the grace of Makhleb
  3954 | D:5      | Became a worshipper of the Wu Jian Council
  4157 | D:6      | Reached skill level 8 in Stealth
  4306 | D:6      | Found a glowing drain.
  4325 | Sewer    | Entered a sewer
  4338 | Sewer    | Noticed Purgy
  4345 | Sewer    | Noticed a hellwing
  4365 | Sewer    | Slain by a hellwing

Skill      XL: |  1  2  3  4  5  6  7  8 |
---------------+-------------------------+-----
Maces & Flails | 1 2 |  2.1
Stealth        | 5 6 7 8 |  8.0
Fighting       | 1 2 3 |  3.1
Dodging        | 4 5 |  5.9
Staves         | 1 2 4 5 |  5.9
Short Blades   | |  0.8

Action                   |  1- 3 |  4- 6 |  7- 9 || total
-------------------------+-------+-------+-------++-------
Melee: Whip              |   151 |     1 |       ||   152
       Bite              |    12 |     5 |    17 ||    34
       Short sword       |       |    65 |       ||    65
       Lajatang          |       |    44 |   119 ||   163
 Abil: Lunge             |       |       |     4 ||     4
       Whirlwind         |       |       |     2 ||     2
  Use: Scroll            |       |     1 |       ||     1
 Stab: Sleeping          |     9 |     5 |     8 ||    22
  Eat: Chunk             |     4 |     9 |     7 ||    20
Armor: Robe              |    66 |    49 |   101 ||   216
Dodge: Dodged            |   153 |    90 |   161 ||   404
